 Dungeon Crawl Stone Soup version 0.22-a0-204-g464ede7bef (webtiles) character file.

5112 Kazurek the Cleaver (level 10, 0/142 HPs)
             Began as a Minotaur Berserker on Mar 26, 2016.
             Was a High Priest of Trog.
             Succumbed to a killer bee's poison
             ... on level 9 of the Dungeon on Feb 18, 2018.
             The game lasted 00:37:56 (7964 turns).

Kazurek the Cleaver (Minotaur Berserker)            Turns: 7964, Time: 00:37:56

Health: 0/142      AC: 13    Str: 28    XL:     10   Next: 32%
Magic:  0/9        EV:  8    Int:  4    God:    Trog [*****.]
Gold:   301        SH:  0    Dex: 12    Spells: 9/9 levels left

rFire    . . .     SeeInvis .   J - +4 battleaxe
rCold    . . .     Gourm    .   (shield currently unavailable)
rNeg     . . .     Faith    .   k - +0 plate armour
rPois    .         Spirit   +   (helmet restricted)
rElec    .         Reflect  .   (no cloak)
rCorr    .         Harm     .   p - +0 pair of gloves
MR       .....                  E - +0 pair of boots
Stlth    ..........             t - amulet of guardian spirit
HPRegen  0.33/turn              (no ring)
MPRegen  0.11/turn              (no ring)

@: berserking (expiring), lethally poisoned (0 -> -15), very quick
A: retaliatory headbutt, horns 2
a: Berserk, Trog's Hand, Brothers in Arms, Burn Spellbooks, Renounce Religion


You were on level 9 of the Dungeon.
You worshipped Trog.
Trog was extremely pleased with you.
You were very hungry.

You visited 1 branch of the dungeon, and saw 9 of its levels.
You also visited: Sewer.

You collected 499 gold pieces.
You spent 198 gold pieces at shops.

Inventory:

Hand Weapons
 J - a +4 battleaxe (weapon)
Armour
 k - a +0 plate armour (worn)
 p - a +0 pair of gloves (worn)
 E - a +0 pair of boots (worn)
Jewellery
 b - an uncursed ring of ice
 t - an amulet of guardian spirit (around neck)
 F - an uncursed amulet of the gourmand {unknown}
 H - a +4 ring of intelligence {unknown}
Wands
 j - a wand of flame (13)
 r - a wand of polymorph (7)
 y - a wand of digging (14)
 G - a wand of acid (11)
Scrolls
 e - 2 scrolls of magic mapping {unknown}
 f - 2 scrolls of remove curse
 u - 2 scrolls of teleportation
 w - 4 scrolls of identify
 x - a scroll of enchant armour {unknown}
Potions
 a - 2 potions of mutation {unknown}
 d - 2 potions of resistance {unknown}
 g - a potion of cancellation {unknown}
 h - 7 potions of curing
 i - a potion of haste {unknown}
 m - 5 potions of might
 o - 3 potions of flight {unknown}
 q - a potion of brilliance
 s - a potion of mutation {unknown}
 A - 3 potions of agility {unknown}
 C - 3 potions of heal wounds {unknown}
 D - a potion of degeneration {unknown}
Comestibles
 c - 7 rations
 l - 3 rations
 n - a ration
 v - 4 chunks of flesh
 z - a ration
 B - a ration
 I - a ration


   Skills:
 + Level 11.0 Fighting
 * Level 14.6 Axes
 - Level 2.4 Armour
 - Level 2.1 Dodging


You had 9 spell levels left.
You didn't know any spells.

Dungeon Overview and Level Annotations

Branches:
Dungeon (9/15)             Temple (0/1) D:5
   Lair: D:8-11         Orc: D:9-12

Altars:
Cheibriados
Dithmenos
Fedhas
Makhleb
Sif Muna
Xom
Zin

Shops:
D:7 *


Innate Abilities, Weirdness & Mutations

You reflexively headbutt those who attack you in melee.
You have a pair of horns on your head.


Message History

The killer bee poisons you!
A killer bee comes into view.
You closely miss the killer bee. You headbutt the killer bee!
The killer bee is severely wounded.
* * * LOW HITPOINT WARNING * * *
You feel sick. The killer bee barely misses you. You furiously retaliate!
You headbutt the killer bee.
The killer bee moves out of view.
The killer bee stings you but does no damage.
You slash the killer bee!
You kill the killer bee!
Trog accepts your kill. Something appears at your feet!
Trog grants you a weapon!
* * * LOW HITPOINT WARNING * * *
You feel sick. The killer bee stings you.
* * * LOW HITPOINT WARNING * * *
You slice the killer bee!!
You kill the killer bee!
Trog accepts your kill.
You die...

#####.##### #.# #..# #.## ###
####)###### #..# ..####.........#
##.# ....##.†.......# ###'#######
.)#..#.........# #.........#
).##.#.........# #.........###
..##.#........o######.........##.
..##..........y.@...#.........'..
..####.......y.####.+........†###
..# #######...#### #.........#
### ......†.†..# #.........#
...####.†..# ##+######## ..
#.#..# . .##..# .# #.# y# .#
#+########


You could see a queen bee, a killer bee and an orc.

Vanquished Creatures
  Pikel (D:5)
  A troll (D:9)
  Sigmund (D:5)
  A steam dragon (D:7)
  Duvessa (D:5)
  2 slaves (D:5)
  An ice beast (D:7)
  A sky beast (D:5)
  4 orc warriors
  4 ogres
  A centaur (D:8)
  Blork the orc (D:4)
  2 big kobolds
  4 bullfrogs
  Dowan (D:5)
  2 scorpions (D:4)
  18 killer bees (D:9)
  5 wights (D:9)
  2 jellies (D:9)
  A bullfrog zombie (D:6)
  3 crimson imps
  5 hounds
  6 orc wizards
  Crazy Yiuf (D:5)
  A centaur skeleton (D:5)
  2 orc priests
  2 bullfrog skeletons
  2 gnoll shamans
  2 iguanas
  9 worker ants
  2 killer bee zombies
  A worker ant zombie (D:6)
  8 gnolls
  2 river rats (Sewer)
  11 adders
  4 shadow imps
  4 oozes
  An adder zombie (D:6)
  2 adder skeletons
  3 worms
  2 dart slugs
  5 leopard geckos
  36 orcs
  5 bats
  5 giant cockroaches
  5 hobgoblins
  3 jackals
  3 quokkas
  5 ball pythons
  5 frilled lizards
  10 goblins
  16 kobolds
  16 rats
241 creatures vanquished.

Vanquished Creatures (others)
  A crocodile (D:4)
  An adder (D:5)
  An orc (D:5)
3 creatures vanquished.

Grand Total: 244 creatures vanquished

Notes
Turn   | Place    | Note
-------+----------+-------------------------------------------
     0 | D:1      | Kazurek the Minotaur Berserker began the quest for the Orb.
     0 | D:1      | Reached XP level 1. HP: 19/19 MP: 0/0
   179 | D:1      | Reached skill level 4 in Axes
   366 | D:1      | Reached XP level 2. HP: 27/27 MP: 1/1
   651 | D:2      | Reached XP level 3. HP: 29/33 MP: 2/2
   742 | D:2      | Reached ** piety under Trog
   752 | D:2      | Reached skill level 5 in Axes
   933 | D:2      | Reached XP level 4. HP: 41/41 MP: 3/3
  1130 | D:2      | Found a blossoming altar of Fedhas.
  1629 | D:3      | Reached skill level 5 in Fighting
  1672 | D:3      | Reached XP level 5. HP: 30/48 MP: 4/4
  1790 | D:3      | Reached *** piety under Trog
  1790 | D:3      | Reached skill level 6 in Axes
  1822 | D:3      | Found a shadowy altar of Dithmenos.
  2455 | D:4      | Noticed an ogre
  2462 | D:4      | Killed an ogre
  2462 | D:4      | Reached skill level 7 in Axes
  2462 | D:4      | Reached XP level 6. HP: 21/57 MP: 2/5
  2879 | D:4      | Reached skill level 8 in Axes
  2911 | D:4      | Noticed Blork the orc
  2918 | D:4      | Killed Blork the orc
  2918 | D:4      | Reached XP level 7. HP: 59/63 MP: 6/6
  3047 | D:4      | Found an oddly glowing altar of Pakellas.
  3047 | D:4      | Noticed an orange crystal statue
  3455 | D:5      | Entered Level 5 of the Dungeon
  3456 | D:5      | Noticed Pikel
  3470 | D:5      | Killed Pikel
  3470 | D:5      | Reached skill level 10 in Axes
  3470 | D:5      | Reached XP level 8. HP: 73/73 MP: 5/7
  3504 | D:5      | Reached **** piety under Trog
  3605 | D:5      | Noticed Sigmund
  3614 | D:5      | Killed Sigmund
  3668 | D:5      | Found a burning altar of Makhleb.
  3669 | D:5      | Found a snail-covered altar of Cheibriados.
  3669 | D:5      | Noticed Duvessa
  3669 | D:5      | Noticed Dowan
  3677 | D:5      | Killed Dowan
  3677 | D:5      | Reached skill level 11 in Axes
  3679 | D:5      | Killed Duvessa
  3680 | D:5      | Found a glowing silver altar of Zin.
  3741 | D:5      | Found a staircase to the Ecumenical Temple.
  3934 | D:5      | Found a glowing drain.
  3948 | Sewer    | Entered a sewer
  4033 | Sewer    | Found a white marble altar of Elyvilon.
  4207 | D:5      | Noticed Crazy Yiuf
  4215 | D:5      | Killed Crazy Yiuf
  4323 | D:6      | Reached XP level 9. HP: 76/82 MP: 8/8
  4474 | D:6      | HP: 1/82 [ogre/giant club (13)]
  4486 | D:7      | Reached skill level 12 in Axes
  4856 | D:7      | Reached ***** piety under Trog
  4908 | D:7      | Found a deep blue altar of Sif Muna.
  4908 | D:7      | Found a shimmering altar of Xom.
  5984 | D:7      | Reached skill level 13 in Axes
  6508 | D:7      | Found Duhiavise's Assorted Antiques.
  6512 | D:7      | Bought a scroll of identify for 66 gold pieces
  6512 | D:7      | Bought a potion of might for 132 gold pieces
  6677 | D:8      | Received a gift from Trog
  6709 | D:8      | Reached skill level 10 in Fighting
  6884 | D:8      | Upgraded the game from 0.18-a0-1637-g109f206 to 0.18-a0-1639-g7533f42
  6996 | D:8      | Upgraded the game from 0.18-a0-1639-g7533f42 to 0.22-a0-204-g464ede7bef
  7616 | D:9      | Noticed a troll
  7621 | D:9      | Killed a troll
  7621 | D:9      | Reached skill level 14 in Axes
  7621 | D:9      | Reached XP level 10. HP: 85/94 MP: 6/9
  7962 | D:9      | HP: 6/142 [poisoned by a killer bee]
  7963 | D:9      | Received a gift from Trog
  7963 | D:9      | HP: 1/142 [killer bee (4)]
  7964 | D:9      | Succumbed to a killer bee's poison

Vault maps used:
D:1:      eino_arrival_water_star
D:2:      nicolae_overflow_hidden_temple, st_stairs_11
D:3:      lemuel_doored_altar, first_bread
D:4:      gammafunk_pakellas_statue_experiment, uniq_blork_the_orc
D:5:      grunt_temple_overflow_open, temple_doors_e, portal_sewer_entry_e,
          uniq_duvessa, uniq_crazy_yiuf_cottage, uniq_sigmund, uniq_pikel
D:6:      minmay_misc_feat_tiny
D:7:      gammafunk_temple_overflow_statue, serial_shops, shop
D:9:      hangedman_decor_points, david_nohive_1
Sewer:    sewer_kobolds

Skill      XL: |  1  2  3  4  5  6  7  8  9 10 |
---------------+-------------------------------+-----
Axes           | 4 5 7 8 10 11 14 | 14.6
Fighting       | 4 5 6 7 8 10 11 | 11.0
Armour         | |  2.4
Dodging        | |  2.1

Action                   |  1- 3 |  4- 6 |  7- 9 | 10-12 || total
-------------------------+-------+-------+-------+-------++-------
Melee: Hand axe          |    69 |   116 |       |       ||   185
       Battleaxe         |       |    36 |   267 |       ||   303
       Battleaxe         |       |       |    46 |    66 ||   112
       Headbutt          |       |       |     9 |    10 ||    19
Invok: Burn Spellbooks   |       |     1 |     1 |       ||     2
       Trog's Hand       |       |       |     3 |       ||     3
       Berserk           |       |       |     3 |       ||     3
       Berserk           |       |       |       |     2 ||     2
       Trog's Hand       |       |       |       |     1 ||     1
  Use: Scroll            |       |     6 |     3 |       ||     9
       Scroll            |       |       |     1 |       ||     1
       Potion            |       |       |     1 |       ||     1
  Eat: Chunk             |       |     6 |    14 |       ||    20
       Buggy fruit       |       |       |     1 |       ||     1
       Buggy fruit       |       |       |     2 |       ||     2
       Ration            |       |       |     1 |       ||     1
       Chunk             |       |       |       |     1 ||     1
Armor: Plate armour      |       |       |    28 |    68 ||    96
Dodge: Dodged            |       |       |    17 |    41 ||    58

Table legend:
 A = Spawn XP
 B = Non-spawn XP
 C = Spawn XP percentage of total XP
 D = Spawn monster count
 E = Non-spawn monster count
 F = Spawn count percentage of total count
 G = Total turns spent on level
                    A         B        C        D         E        F      G
               +---------+---------+-------+---------+---------+-------+---------
         Total |       0 |    2405 |   0.0 |       0 |      47 |   0.0 |   968
               +---------+---------+-------+---------+---------+-------+---------
           D:9 |       0 |    2405 |   0.0 |       0 |      47 |   0.0 |   573
               +---------+---------+-------+---------+---------+-------+---------
